 Dungeon Crawl Stone Soup version 0.28.0-53-g5a82cb258f (webtiles) character file.

Game seed: 1994567627745854918

2557 Speronymus the Spear-Bearer (level 9, -4/71 HPs)
             Began as a Merfolk Gladiator on July 16, 2022.
             Was an Initiate of Hepliaklqana.
             Killed from afar by an acid dragon (23 damage)
             ... with a splash of acid
             ... on level 8 of the Dungeon.
             The game lasted 00:23:49 (8240 turns).

Speronymus the Spear-Bearer (Merfolk Gladiator)     Turns: 8240, Time: 00:23:50

Health: -4/71      AC:  7    Str: 18    XL:     9   Next: 56%
Magic:  1/3        EV: 15    Int:  7    God:    Hepliaklqana [......]
Gold:   351        SH:  0    Dex: 16    Spells: 8/8 levels left

rFire   . . .      SeeInvis .   y - +1 trident (antimagic)
rCold   . . .      Faith    .   G - orb {mayhem}
rNeg    . . .      Spirit   .   h - +0 ring mail
rPois   +          Reflect  .   c - +0 helmet
rElec   .          Harm     .   x - +0 cloak
rCorr   .          Rampage  .   K - +1 pair of gloves {infuse}
Will    .....                   A - +0 pair of boots
Stlth   +.........              (no amulet)
HPRegen 0.21/turn               q - +4 ring of protection
MPRegen 0.08/turn               o - ring of poison resistance

@: mighty, corroded
A: (nimble swimmer 2), mertail
a: Renounce Religion


You were on level 8 of the Dungeon.
You worshipped Hepliaklqana.
Hepliaklqana was noncommittal.
You visited 2 branches of the dungeon, and saw 9 of its levels.
You also visited: Sewer.

You collected 351 gold pieces.

Inventory:

Hand Weapons
 y - a +1 antimagic trident (weapon)
Missiles
 a - 6 atropa-tipped darts
 d - 2 throwing nets (quivered)
 w - 11 poisoned darts
Armour
 b - a +0 leather armour
 c - a +0 helmet (worn)
 h - a +0 ring mail (worn)
 r - a +0 scale mail
 x - a +0 cloak (worn)
 A - a +0 pair of boots (worn)
 G - an orb of mayhem (worn)
 K - a +1 pair of gloves of infusion (worn)
Jewellery
 f - a ring of see invisible
 o - a ring of poison resistance (right hand)
 q - a +4 ring of protection (left hand)
 z - an amulet of faith
 F - a +6 ring of dexterity
Wands
 C - a wand of flame (21)
Scrolls
 e - 3 scrolls of fog
 g - 2 scrolls of summoning {unknown}
 i - a scroll of vulnerability {unknown}
 j - a scroll of brand weapon {unknown}
 k - 3 scrolls of magic mapping {unknown}
 l - 2 scrolls of blinking {unknown}
 p - 6 scrolls of identify {unknown}
 t - 2 scrolls of torment {unknown}
 u - a scroll of immolation {unknown}
 v - 2 scrolls of silence {unknown}
 B - a scroll of enchant weapon {unknown}
 E - a scroll of teleportation {unknown}
Potions
 m - 2 potions of attraction {unknown}
 n - 2 potions of curing
 s - 2 potions of might
 D - 2 potions of resistance {unknown}
 H - 2 potions of degeneration {unknown}
 I - a potion of invisibility {unknown}
 J - a potion of mutation {unknown}


   Skills:
 + Level 6.6 Fighting
 - Level 12.0 Polearms
 - Level 2.0 Throwing
 + Level 4.1 Armour
 + Level 8.5 Dodging


You had 8 spell levels left.
You didn't know any spells.
Your spell library contained the following spells:

 Spells                   Type           Power      Damage    Failure   Level
 Ozocubu's Armour         Ice            0%         N/A       93%         3
 Metabolic Englaciation   Hex/Ice        0%         N/A       100%        5
 Simulacrum               Ice/Necr       0%         N/A       100%        6


Dungeon Overview and Level Annotations

Branches:
Dungeon (8/15)             Temple (1/1) D:7           Sewer (visited)
   Lair: D:8-11

Altars:
Ashenzari
Cheibriados
Dithmenos
Elyvilon
Fedhas
Gozag
Hepliaklqana
Kikubaaqudgha
Makhleb
Nemelex Xobeh
Okawaru
Qazlal
Ru
Sif Muna
Trog
Uskayaw
Vehumet
Wu Jian
Xom
Yredelemnul
Zin


Innate Abilities, Weirdness & Mutations

((You are very nimble when in or above water. (Stealth+, EV+, Speed+++)))
Your lower body shifts to a powerful aquatic tail in water.


Message History

The acid dragon struggles against the net.
You hit the acid dragon but do no damage.
The acid dragon is lightly wounded.
You hit the acid dragon but do no damage.
The acid dragon is lightly wounded.
You hit the acid dragon but do no damage.
The acid dragon is lightly wounded.
The acid dragon struggles against the net.
You hit the acid dragon.
The acid dragon is moderately wounded.
The acid dragon struggles against the net.
You strike the helpless acid dragon from behind!
You hit the acid dragon but do no damage.
The acid dragon is moderately wounded.
You completely miss the acid dragon.
The acid dragon is moderately wounded.
The acid dragon struggles against the net.
The net rips apart, and the acid dragon comes free!
You hit the acid dragon but do no damage.
The acid dragon is moderately wounded.
The acid dragon barely misses you. x2
You barely miss the acid dragon.
The acid dragon is moderately wounded.
You barely miss the acid dragon.
The acid dragon is moderately wounded.
The acid dragon bites you!
* * * LOW HITPOINT WARNING * * *
The acid dragon closely misses you.
You hit the acid dragon but do no damage.
The acid dragon is moderately wounded.
The acid dragon bites you!
* * * LOW HITPOINT WARNING * * *
The acid dragon misses you.
It was a potion of curing.
You feel better. The acid dragon barely misses you. The acid dragon misses you.
It was a potion of might.
You feel very mighty all of a sudden. The acid dragon spits acid at you.
The splash of acid hits you!!
You die...

.......#####......#
....... ##..#.##
......######..#)#
#....))..#.#.#######
#........#.#........
#........#>#.############
#........#...............
#........#.##############
#.......@D......
#........#.##...
#........#.# #........# #
#.#....... #.####....#
#.... ###### ######
#..... #.####


You could see an acid dragon (catching breath).

Vanquished Creatures
  An ugly thing (D:7)
  A water moccasin (D:7)
  An orc warrior (D:4)
  A sky beast (D:5)
  2 ice beasts
  A necrophage (D:8)
  A centaur (D:4)
  2 ogres
  4 bullfrogs
  A scorpion (D:6)
  A water moccasin skeleton (D:7)
  A howler monkey (D:6)
  5 hounds
  2 orc priests
  A jelly (D:5)
  A gnoll shaman (D:6)
  A centaur skeleton (D:6)
  2 iguanas
  6 orc wizards
  A killer bee zombie (D:6)
  2 hound skeletons (D:4)
  A howler monkey zombie (D:4)
  9 gnolls
  9 adders
  A shadow imp (D:7)
  A white imp (D:6)
  An ufetubus (D:5)
  3 worms
  4 dart slugs
  15 orcs
  11 ball pythons
  7 endoplasms
  18 giant cockroaches
  5 goblins
  6 hobgoblins
  3 jackals (D:4)
  7 kobolds
  13 quokkas
  4 bats
  13 frilled lizards
  A quokka skeleton (D:4)
  5 rats
175 creatures vanquished.

Vanquished Creatures (collateral kills)
  An orc priest (D:8)
1 creature vanquished.

Grand Total: 176 creatures vanquished

Notes
Turn   | Place    | Note
-------+----------+-------------------------------------------
     0 | D:1      | Speronymus the Merfolk Gladiator began the quest for the
                  | Orb.
     0 | D:1      | Reached XP level 1. HP: 16/16 MP: 1/1
    93 | D:1      | Found a faded altar of an unknown god.
   160 | D:1      | Reached skill level 5 in Polearms
   250 | D:1      | Reached XP level 2. HP: 22/22 MP: 2/2
   835 | D:2      | Found a burning altar of Makhleb.
   846 | D:2      | Reached skill level 6 in Polearms
   846 | D:2      | Reached XP level 3. HP: 21/27 MP: 3/3
  1045 | D:2      | Reached XP level 4. HP: 29/33 MP: 4/4
  1147 | D:2      | Reached skill level 7 in Polearms
  2183 | D:3      | Reached skill level 8 in Polearms
  2251 | D:3      | Reached XP level 5. HP: 32/38 MP: 5/5
  2876 | D:4      | Found a glowing drain.
  2894 | Sewer    | Entered a sewer
  3095 | Sewer    | Reached skill level 9 in Polearms
  3232 | Sewer    | Reached XP level 6. HP: 34/44 MP: 6/6
  3241 | Sewer    | Reached skill level 10 in Polearms
  3624 | D:4      | Reached skill level 11 in Polearms
  3624 | D:4      | Reached XP level 7. HP: 22/50 MP: 3/7
  4595 | D:5      | Entered Level 5 of the Dungeon
  4672 | D:5      | Reached skill level 12 in Polearms
  4878 | D:5      | Reached skill level 1 in Armour
  4890 | D:5      | Identified the +4 robe of Hiwk {rPois rC+ Int+4}
  5280 | D:5      | Reached XP level 8. HP: 58/58 MP: 2/8
  5391 | D:6      | Reached skill level 5 in Dodging
  6677 | D:7      | Reached skill level 5 in Fighting
  6956 | D:7      | Found a staircase to the Ecumenical Temple.
  6964 | Temple   | Entered the Ecumenical Temple
  7096 | Temple   | Became a worshipper of Hepliaklqana the Forgotten
  7282 | D:7      | Reached XP level 9. HP: 64/68 MP: 3/9
  7566 | D:7      | Noticed a purple ugly thing
  7607 | D:7      | Killed a purple ugly thing
  8240 | D:8      | Killed from afar by an acid dragon

Illustrated notes

Levels and vault maps discovered:
D:1:      minmay_arrival_radiant_lines, layout_loops_ring,
          hellmonk_ecumenical_altar_heavens_door, nrook_uturn,
          chequers_serial_rivers_micro_e, nicolae_concentric_dashed_squares_mild
D:2:      layout_loops_ring, basic_altar, chequers_serial_rivers_small_b
D:3:      layout_basic
D:4:      layout_rooms, cheibrodos_sewer_entry_drain
D:5:      layout_basic, hangedman_glass_teeth
D:6:      layout_loops_ring
D:7:      layout_basic, minmay_temple_entry_wispy
D:8:      layout_basic, hangedman_abyss_or_decor_passed, uniq_grum
Temple:   roderic_octagonal_lattice_temple

Skill      XL: |  1  2  3  4  5  6  7  8  9 |
---------------+----------------------------+-----
Polearms       | 5 6 8 9 11 12 | 12.0
Armour         | 1 3 4 |  4.1
Fighting       | 3 5 6 |  6.6
Dodging        | 7 8 |  8.5
Throwing       | |  2.0

Action                   |  1- 3 |  4- 6 |  7- 9 || total
-------------------------+-------+-------+-------++-------
Melee: Trident           |    73 |   332 |   406 ||   811
       Punch             |     1 |     5 |     2 ||     8
       Tailslap          |       |     5 |     1 ||     6
Throw: Throwing net      |       |       |     2 ||     2
  Use: Scroll            |       |     1 |     1 ||     2
       Potion            |       |       |     2 ||     2
 Stab: Sleeping          |     1 |     1 |       ||     2
       Held in net/web   |       |       |     4 ||     4
Armor: Leather armour    |    13 |       |       ||    13
       Ring mail         |     3 |   112 |   121 ||   236
Dodge: Dodged            |    36 |   194 |   147 ||   377
